 Dungeon Crawl Stone Soup version 0.17-a0-1979-g1c74939 (webtiles) character file.

35 brucemayne the Chopper (level 3, -4/31 HPs)
             Began as a Hill Orc Berserker on Oct 5, 2015.
             Was a Believer of Trog.
             Killed by divine providence
             ... invoked by an orc priest
              (13 damage)
             ... on level 3 of the Dungeon.
             The game lasted 00:02:29 (423 turns).

brucemayne the Chopper (Hill Orc Berserker)          Turns: 423, Time: 00:02:29

Health: -4/31      AC: 10    Str: 20    XL:     3   Next: 35%
Magic:  3/3        EV:  6    Int:  7    God:    Trog [**....]
Gold:   25         SH:  0    Dex: 10    Spells: 0 memorised, 2 levels left

rFire  . . .     SeeInvis .     a - +0 hand axe
rCold  . . .     Clarity  .     f - +0 plate armour
rNeg   . . .     SustAt   .     (no shield)
rPois  .         Gourm    .     (no helmet)
rElec  .         Spirit   .     (no cloak)
rCorr  .         Warding  .     (no gloves)
rMut   .         Stasis   .     (no boots)
MR     .....                    (no amulet)
Stlth  ..........               (no ring)
                                (no ring)

@: not resistant to hostile enchantments, extremely unstealthy
A: no striking features
a: Burn Spellbooks, Berserk, Trog's Hand, Renounce Religion, Convert to Beogh


You were on level 3 of the Dungeon.
You worshipped Trog.
Trog was pleased with you.
You were not hungry.

You visited 1 branch of the dungeon, and saw 3 of its levels.

You collected 25 gold pieces.

Inventory:

Hand Weapons
 a - a +0 hand axe (weapon)
 e - a +0 whip
Armour
 b - a +0 animal skin
 f - a +0 plate armour (worn)
Jewellery
 i - an uncursed ring of teleportation
Scrolls
 j - 2 scrolls of identify {unknown}
 m - a scroll of immolation {unknown}
 o - a scroll of teleportation {unknown}
Potions
 d - 2 potions of might {unknown}
 k - a potion of mutation {unknown}
 l - a potion of lignification {unknown}
 p - a potion of curing {unknown}
Books
 h - a book of Spatial Translocations

   Spells                             Type                      Level
   a - Apportation                    Translocation                1
   b - Blink                          Translocation                2
   c - Shroud of Golubria             Charms/Translocation         2
   d - Portal Projectile              Translocation                3
   e - Teleport Other                 Translocation                3
   f - Passage of Golubria            Translocation                4
   Trog disapproves of the use of such an item.
Comestibles
 c - a bread ration
 g - a chunk of flesh
 n - a slice of pizza


   Skills:
 - Level 3.6 Fighting
 + Level 5.7 Axes
 - Level 2.1 Armour
 - Level 1.5 Dodging


You had 2 spell levels left.
You didn't know any spells.

Dungeon Overview and Level Annotations

Branches:
Dungeon (3/15)

Altars:


Message History

n - a slice of pizza
There are no items here.
o - a scroll labeled HAVATI VURHA
Found a fuming coppery potion.
A worm comes into view.
The worm bites you.
You hit the worm.
The worm is moderately wounded.
The worm barely misses you. The worm bites you!
* * * LOW HITPOINT WARNING * * *
You see here a fuming coppery potion.
p - a fuming coppery potion
Found a stone staircase leading down.
An orc priest comes into view. It is wielding a hand axe.
The orc priest threatens, "By the altar or by the axe, you will meet Beogh!" (press Y on the ability menu to convert to Beogh)
The orc priest calls down the wrath of Beogh upon you.
Something smites you!
You die...

#.##. #.... ####< ## ###
.. #. ###
###.##.###############..
.......@..w.............
..>.....................
o.###.###.#######.......
#. ...# #....... ......#
#....... .......#
#....... ##.######
#....... #.......
#.......


You could see a worm and an orc priest.

Vanquished Creatures
  A worm (D:2)
  5 orcs (D:3)
  A giant cockroach (D:1)
  A hobgoblin (D:1)
  A quokka (D:2)
  A ball python (D:1)
  5 bats
  A giant newt (D:2)
  7 jackals
  A kobold (D:1)
  2 rats
26 creatures vanquished.

Notes
Turn   | Place    | Note
--------------------------------------------------------------
     0 | D:1      | brucemayne the Hill Orc Berserker began the quest for the Orb.
     0 | D:1      | Reached XP level 1. HP: 19/19 MP: 1/1
    54 | D:1      | Reached XP level 2. HP: 9/26 MP: 2/2
   252 | D:2      | Reached skill level 5 in Axes
   295 | D:2      | Reached XP level 3. HP: 18/31 MP: 3/3
   336 | D:3      | Acquired Trog's second power
   423 | D:3      | Killed from afar by an orc priest

Vault maps used:
D:1:      zelgadis_glass_arrival_small, minivault_11
D:2:      lemuel_upstairs_altar, minitemple, first_bread

Action                   || total
-------------------------++-------
Melee: Hand axe          ||    76
Invok: Berserk           ||     1
  Use: Scroll            ||     1
